 Dungeon Crawl Stone Soup version 0.29-a0-824-gd827844252 (webtiles) character file.

Game seed: 3948677760989568584

49 gobodom the Insei (level 3, -7/26 HPs)
             Began as a Demonspawn Transmuter on July 11, 2022.
             Mangled by Sigmund
             ... wielding a +0 scythe
              (11 damage)
             ... on level 2 of the Dungeon.
             The game lasted 00:03:56 (1899 turns).

gobodom the Insei (Demonspawn Transmuter)           Turns: 1899, Time: 00:03:56

Health: -7/26      AC:  2    Str: 10    XL:     3   Next: 51%
Magic:  7/7        EV: 12    Int: 16    God:
Gold:   123        SH:  0    Dex: 13    Spells: 4/7 levels left

rFire   + . .      SeeInvis .     - Unarmed
rCold   . . .      Faith    .   (no shield)
rNeg    . . .      Spirit   .   a - +0 robe
rPois   .          Reflect  .   (helmet currently unavailable)
rElec   .          Harm     .   (no cloak)
rCorr   .          Rampage  .   (no gloves)
Will    .....                   (boots currently unavailable)
Stlth   +.........              (no amulet)
HPRegen 0.08/turn               f - ring of protection from fire
MPRegen 0.10/turn               (no ring)

@: mighty, appendages (expiring)
A: horns 2, talons 2, powered by death 1
a: End Transformation


You were on level 2 of the Dungeon.
You had temporarily grown beastly horns and talons.
You visited 1 branch of the dungeon, and saw 2 of its levels.

You collected 123 gold pieces.

Inventory:

Missiles
 h - a throwing net
Armour
 a - a +0 robe (worn)
Jewellery
 f - a ring of protection from fire (left hand)
Scrolls
 c - 2 scrolls of identify
 g - 2 scrolls of teleportation {unknown}
Potions
 b - a potion of flight
 e - 4 potions of mutation {unknown}
 i - a potion of curing {unknown}


   Skills:
 + Level 1.0 Fighting
 + Level 2.1 Dodging
 + Level 0.1 Stealth
 + Level 3.1 Unarmed Combat
 + Level 2.7 Spellcasting
 + Level 2.2 Transmutations


You had 4 spell levels left.
You knew the following spells:

 Your Spells              Type           Power      Damage    Failure   Level
a - Beastly Appendage     Tmut           18%        N/A       8%          1
b - Wereblood             Tmut           9%         N/A       12%         2

Your spell library contained the following spells:

 Spells                   Type           Power      Damage    Failure   Level
 Spider Form              Tmut/Pois      5%         N/A       36%         3
 Confusing Touch          Hex            2%         N/A       50%         3
 Ice Form                 Ice/Tmut       5%         N/A       77%         4
 Yara's Violent Unravell  Hex/Tmut       2%         3d3       98%         5
 Enfeeble                 Hex            1%         N/A       100%        7


Dungeon Overview and Level Annotations

Branches:
Dungeon (2/15)

Altars:

Annotations:
D:2 Sigmund


Innate Abilities, Weirdness & Mutations

You have temporarily grown beastly horns and talons.
You regenerate a little health from kills.


Message History

The hobgoblin is almost dead.
The hobgoblin barely misses you.
You hit the hobgoblin.
You kill the hobgoblin!
You see here a hobgoblin corpse.
Memorise Wereblood, consuming 2 spell levels and leaving 4?
You start memorising the spell.
You continue memorising. x2
You finish memorising.
Spell assigned to 'b'.
Your transformation is almost over.
Your horns disappear.
Your talons disappear.
Found 9 gold pieces.
Sigmund shouts!
You grow a pair of large bovine horns.
Your feet morph into talons.
Okay, then.
As you read the scroll labelled ESEM YRCHEUZU, it crumbles to dust.
It is a scroll of identify.
b - a potion of flight
As you read the scroll of identify, it crumbles to dust.
d - a potion of might
Okay, then.
Unknown command.
You feel very mighty all of a sudden.
Your transformation is almost over.
Sigmund hits you from afar with a +0 scythe!
Sigmund barely misses you.
You completely miss Sigmund. Your headbutt misses Sigmund. You hit Sigmund.
Sigmund is moderately wounded.
Sigmund gestures wildly while chanting.
Sigmund flickers and vanishes!
Deactivating autopickup; reactivate with Ctrl-A.
You barely miss something. You claw something! Your headbutt misses something.
Something hits you.
You closely miss something. Your kick misses something.
You closely miss something. Your headbutt misses something. Something hits you.
* * * LOW HITPOINT WARNING * * *
You barely miss something. Your kick misses something.
Your headbutt misses something. Something hits you but does no damage.
You miss something. You barely miss something. Your kick misses something.
Something hits you!
You die...

#.∩..8..8..∩..∩.#. #...$.
#..............##. .....
#................. @...
##...8..8..♣....## ...
#..............# ..
#..............# #.
#∩..8.....8..♣.#
#.#########.....######.#
#......{@.......##.....#
##
###########.....##.#####
.# #.....##.# .###
###.####.# ...# #.#
#.###### ...# ##
....#######.####.##....
...###
#......#.......#....##.###
...#.#
#.#....#.#######.#####.#..
...#.# #...#..#.# #....#
#.#..


There were no monsters in sight!

Vanquished Creatures
  An adder (D:2)
  A worm (D:2)
  3 ball pythons (D:1)
  2 bats (D:1)
  6 endoplasms
  4 giant cockroaches
  2 goblins (D:1)
  3 hobgoblins
  4 kobolds (D:1)
  A quokka (D:1)
  A frilled lizard (D:1)
  4 rats (D:1)
32 creatures vanquished.

Notes
Turn   | Place    | Note
-------+----------+-------------------------------------------
     0 | D:1      | gobodom the Demonspawn Transmuter began the quest for the
                  | Orb.
     0 | D:1      | Reached XP level 1. HP: 15/15 MP: 3/3
   350 | D:1      | Gained mutation: You regenerate a little health from kills.
                  | [demonic ancestry]
   350 | D:1      | Reached XP level 2. HP: 16/21 MP: 3/5
   380 | D:1      | Reached skill level 3 in Unarmed Combat
   613 | D:1      | Reached XP level 3. HP: 14/26 MP: 6/6
  1687 | D:2      | Found a faded altar of an unknown god.
  1746 | D:2      | Noticed Sigmund
  1789 | D:2      | Learned a level 2 spell: Wereblood
  1899 | D:2      | Mangled by Sigmund

Illustrated notes

Levels and vault maps discovered:
D:1:      minmay_arrival_split_and_join, layout_rooms, supply_closet_lemuel,
          minmay_hexomino_c4
D:2:      layout_basic, hellmonk_ecumenical_altar_arch_garden,
          chequers_serial_rivers_large_a, nicolae_wormholes, uniq_sigmund

Skill      XL: |  1  2  3 |
---------------+----------+-----
Transmutations | 2 |  2.2
Unarmed Combat | 3 |  3.1
Dodging        | 2 |  2.1
Fighting       | |  1.0
Stealth        | |  0.1
Spellcasting   | |  2.7

Action                   || total
-------------------------++-------
Melee: Unarmed           ||    94
       Kick              ||    15
       Headbutt          ||     8
 Cast: Beastly Appendage ||    20
  Use: Scroll            ||     2
       Potion            ||     2
 Stab: Sleeping          ||     1
Armor: Robe              ||    13
       Skin              ||     5
Dodge: Dodged            ||    43

Table legend: (Time is in decaauts)
 A = Elapsed time spent in this place.
 B = Non-inter-level travel time spent in this place.
 C = Inter-level travel time spent in this place.
 D = Time resting spent in this place.
 E = Time spent auto-exploring this place.
 F = Levels seen in this place.
 G = Mean time per level.
                   A        B        C        D        E       F      G
               +--------+--------+--------+--------+--------+-----+--------+
         Total |   1894 |   1876 |     18 |    316 |   1264 |   2 |  947.0 |
       Dungeon |   1894 |   1876 |     18 |    316 |   1264 |   2 |  947.0 |
               +--------+--------+--------+--------+--------+-----+--------+

Top non-repeatable levels by time:
     D:1: 1010 daAuts
     D:2: 883 daAuts
